 Dungeon Crawl Stone Soup version 0.20.0-14-g326068f (webtiles) character file.

66 Rrauwl the Skirmisher (level 4, -8/40 HPs)
             Began as a Ghoul Monk on June 8, 2017.
             Killed by divine providence
             ... invoked by an orc priest
              (12 damage)
             ... on level 3 of the Dungeon.
             The game lasted 00:03:23 (1732 turns).

Rrauwl the Skirmisher (Ghoul Monk)                  Turns: 1732, Time: 00:03:24

Health: -8/40      AC:  2    Str: 14    XL:     4   Next: 15%
Magic:  3/3        EV: 13    Int:  5    God:
Gold:   134        SH:  0    Dex: 12    Spells: 3/3 levels left

rFire    . . .     SeeInvis .   a - +0 falchion
rCold    + . .     Gourm    .   (no shield)
rNeg     + + +     Faith    .   b - +0 robe
rPois    ∞         Spirit   .   (no helmet)
rElec    .         Reflect  .   (no cloak)
rCorr    .         Harm     .   (no gloves)
MR       .....                  (no boots)
Stlth    ++........             (no amulet)
Regen    0.0/turn               (no ring)
MPRegen  0.1/turn               (no ring)

@: rotting
A: rotting body, claws 1, carnivore 3, cold resistance 1, negative energy
resistance 3, inhibited regeneration, torment resistance, unbreathing
a: no special abilities


You were on level 3 of the Dungeon.
You were not hungry.

You visited 1 branch of the dungeon, and saw 3 of its levels.

You collected 134 gold pieces.

Inventory:

Hand Weapons
 a - a +0 falchion (weapon)
 o - a +0 blowgun
Missiles
 p - 14 poisoned needles
Armour
 b - a +0 robe (worn)
Scrolls
 e - 3 scrolls of remove curse {unknown}
 f - 3 scrolls of identify {unknown}
 h - a scroll of blinking {unknown}
 i - a scroll of teleportation {unknown}
 l - a scroll of enchant weapon {unknown}
 m - a scroll of amnesia {unknown}
 n - a scroll of immolation {unknown}
Potions
 g - 2 potions of mutation {unknown}
 j - a potion of haste {unknown}
 k - a potion of degeneration {unknown}
Books
 q - a book of Misfortune

   Spells                             Type                      Level
   a - Confusing Touch                Hexes                        1
   b - Confuse                        Hexes                        3
   c - Gell's Gravitas                Translocation                3
   d - Petrify                        Transmutation/Earth          4
   e - Metabolic Englaciation         Hexes/Ice                    5
   f - Yara's Violent Unravelling     Hexes/Transmutation          5
Comestibles
 c - 3 meat rations
 d - 3 chunks of flesh


   Skills:
 + Level 4.1 Fighting
 + Level 3.6 Long Blades
 - Level 3.0 Dodging
 - Level 2.1 Stealth


You had 3 spell levels left.
You didn't know any spells.

Dungeon Overview and Level Annotations

Branches:
Dungeon (3/15)

Altars:
Gozag


Innate Abilities, Weirdness & Mutations

Your body is rotting away.
You thrive on raw meat.
You are immune to poison.
You have sharp fingernails.
You are carnivorous and can eat meat at any time.
Your flesh is cold resistant. (rC+)
You are immune to negative energy. (rN+++)
You do not regenerate when monsters are visible.
You are immune to unholy pain and torment.
You can survive without breathing.


Message History

The orc shouts!
You hit the orc.
The orc is almost dead.
The orc hits you with a flail.
You barely miss the orc.
The orc is almost dead.
The orc hits you with a flail.
You barely miss the orc.
The orc is almost dead.
The orc priest hits you with a club.
You hit the orc.
You kill the orc!
The orc priest hits you with a club. The orc hits you with a club.
The orc priest begins to cast a cantrip, but forgets the words!
The orc priest calls down the wrath of Beogh upon you.
Beogh smites you!
* * * LOW HITPOINT WARNING * * *
The orc priest invokes the aid of Beogh against you.
Beogh smites you!
You die...

.# ###.# #.#.# .. #.#.#
#..######.#.######
###.....@o..#.......
....####.o.........
##.#####....)......
#........(o.......
######................. ####
#.....^................ ...#
#.####.................
...###.#.......#............
............................


You could see an orc priest and 2 orcs.

Vanquished Creatures
  3 adders (D:2)
  2 dart slugs (D:1)
  An orc (D:3)
  4 giant cockroaches (D:1)
  2 goblins
  3 hobgoblins (D:1)
  3 jackals (D:1)
  3 kobolds
  A quokka (D:3)
  A ball python (D:2)
  4 bats
  2 frilled lizards
  6 rats (D:1)
35 creatures vanquished.

Notes
Turn   | Place    | Note
-------+----------+-------------------------------------------
     0 | D:1      | Rrauwl the Ghoul Monk began the quest for the Orb.
     0 | D:1      | Reached XP level 1. HP: 19/19 MP: 0/0
    63 | D:1      | Reached XP level 2. HP: 20/26 MP: 1/1
   680 | D:1      | Reached XP level 3. HP: 30/31 MP: 2/2
  1063 | D:2      | Found an opulent altar of Gozag.
  1123 | D:2      | Reached skill level 4 in Fighting
  1394 | D:2      | Reached XP level 4. HP: 40/40 MP: 3/3
  1732 | D:3      | Killed from afar by an orc priest

Skill      XL: |  1  2  3 |
---------------+----------+-----
Long Blades    | 3 |  3.6
Dodging        | 3 |  3.0
Fighting       | 4 |  4.1
Stealth        | |  2.1

Action                   |  1- 3 |  4- 6 || total
-------------------------+-------+-------++-------
Melee: Falchion          |   107 |    16 ||   123
 Stab: Sleeping          |     3 |     1 ||     4
  Eat: Chunk             |     8 |       ||     8
Armor: Robe              |    27 |     3 ||    30
Dodge: Dodged            |    91 |    11 ||   102
       Rpst.: Falchion   |    22 |     2 ||    24
